AoeStats
← UMP master

Four Lakes

508411932Analyzed
1v1 RM · 8d ago on Sep 22, 2026· 45m 51s· 2 players
Game mode
Random Map
Map size
Tiny (2 player)
Population
200
Speed
Normal
Resources
Standard
Victory
Conquest
Starting age
Dark Age
Ending age
Imperial Age
RankedLock teamsTeams togetherTeam positionsShared explorationLock speedFull tech treeHidden civsTurbo modeCheats
Victory
Defeat
🇳🇱 Maya · Netherlands
1382
+15
🇪🇸 Bohemians · Spain
1350
-15
UMP master
9:35 Loom
11:28 Feudal Age
16:10 Castle Age
14:46 Double-Bit Axe
14:56 Horse Collar
17:07 Medium Warships
20:57 Bow Saw
21:09 Town Watch
24:14 Wheelbarrow
26:46 Heavy Plow
30:49 Imperial Age
32:10 Conscription
33:50 Two-Man Saw
34:44 Elite Hussite Wagon
38:37 Scale Barding Armor
38:44 Forging
38:23 Light Cavalry
42:47 Chemistry
42:56 Padded Archer Armor
42:48 Fletching
Humanoid 🔰
0:31 Loom
12:20 Feudal Age
16:33 Castle Age
14:38 Horse Collar
14:46 Double-Bit Axe
15:28 Fishing Lines
16:28 Fletching
28:22 Wheelbarrow
27:48 Gold Mining
29:52 Hand Cart
29:42 Heavy Plow
29:55 Bow Saw
30:54 Gillnets
31:06 Stone Mining
32:13 Sanctity
32:00 Scale Mail Armor
32:11 Forging
35:42 Imperial Age
33:30 Chain Mail Armor
34:12 Hul'che Javelineers
34:51 Iron Casting
35:00 Masonry
35:11 Ballistics
34:47 Bodkin Arrow
34:40 Eagle Warrior
35:22 Squires
35:11 Arson
37:12 Plate Mail Armor
37:44 Holcans
37:39 Elite Eagle Warrior
39:25 Conscription
41:16 Blast Furnace
43:14 Two-Man Saw
43:11 Conscription
43:08 Bracer
44:35 Medium Warships
45:00 Padded Archer Armor
46:24 Chemistry
45:27 Elite Skirmisher
46:13 Thumb Ring
46:26 Leather Archer Armor
Connection lost

Rejoining the realm…

Still unreachable

The connection could not be restored.

Session expired

The server has moved on; the page needs a fresh start.